Map: Ruínas de Endion

Players

wizardgamer

  • Race: Zerg Zerg
  • League: Master

TheZergLord - Winner!

  • Race: Zerg Zerg
  • League: Grandmaster

VOD

Have the link to the VOD?

Description

Time

  • Played on: May 27, 2016, 12:22 p.m.
  • Length: 9:52
Show
View Real Time Build Order
Export as new Build Order

wizardgamer Zerg 

Build Orders: Hatch First 

Get SALT Encoding   

  12  0:01  Drone  
  13  0:14  Overlord  
  13  0:18  Drone  
  14  0:32  Drone x2  
  16  0:49  Hatchery  
  15  0:54  Drone  
  15  0:57  Drone  
  17  1:00  Drone  
  18  1:08  Drone  
  18  1:09  Extractor  
  18  1:19  Drone  
  18  1:23  Spawning Pool  
  18  1:31  Drone  
  19  1:47  Drone  
  20  1:57  Overlord  
  20  2:10  Drone  
  20  2:11  Queen  
  20  2:12  Queen  
  20  2:13  Zergling x2  
  20  2:14  Metabolic Boost  
  26  2:15  Drone  
  26  2:17  Drone  
  28  2:28  Zergling x2  
  28  2:29  Zergling x2  
  30  2:35  Overlord  
  30  2:39  Drone  
  31  2:45  Drone x2  
  33  2:57  Overlord  
  33  3:01  Drone  
  33  3:04  Lair  
  34  3:12  Drone  
  34  3:14  Drone  
  35  3:20  Hatchery  
  34  3:28  Drone x6  
  34  3:31  Drone  
  34  3:33  Drone  
  42  3:38  Overlord  
  42  3:48  Drone  
  42  3:49  Evolution Chamber  
  42  3:51  Roach Warren  
  42  3:52  Drone  
  42  3:53  Extractor  
  41  3:57  Drone  
  41  3:58  Drone x2  
  41  4:00  Drone x2  
  46  4:08  Overseer  
  46  4:15  Zerg Missile Weapons Level 1  
  46  4:23  Extractor  
  46  4:24  Drone x2  
  46  4:25  Overlord x2  
  47  4:33  Roach  
  47  4:34  Roach x5  
  47  4:37  Roach  
  47  4:38  Roach  
  63  4:51  Queen x2  
  67  4:53  Queen  
  67  4:57  Spore Crawler  
  68  5:11  Drone x9  
  77  5:16  Spore Crawler  
  76  5:27  Drone x5, Spore Crawler, Extractor  
  79  5:34  Hydralisk Den  
  78  5:37  Spore Crawler  
  78  5:38  Queen  
  79  5:58  Overlord x2  
  79  6:04  Hydralisk  
  79  6:07  Overlord  
  79  6:08  Overlord x2  
  79  6:18  Overlord x2  
  79  6:19  Hydralisk x3  
  79  6:20  Hydralisk x3  
  91  6:28  Hydralisk x3  
  97  6:40  Drone x7  
  97  6:42  Extractor  
  97  6:46  Zerg Missile Weapons Level 2  
  103  6:53  Muscular Augments  
  103  6:59  Drone x3, Infestation Pit  
  103  7:00  Drone  
  106  7:02  Drone  
  106  7:05  Extractor  
  100  7:30  Drone x2  
  100  7:31  Drone x3  
  105  7:39  Hydralisk x6  
  105  7:40  Hydralisk x5  
  127  7:51  Queen  
  125  7:52  Pathogen Glands  
  125  7:53  Overlord  
  125  7:55  Overlord  
  125  7:58  Overlord  
  127  8:11  Lurker Den  
  127  8:16  Roach  
  127  8:17  Roach x6  
  139  8:24  Hydralisk  
  139  8:25  Hydralisk x2  
  143  8:41  Overlord  
  143  8:42  Overlord x2  
  143  8:46  Hydralisk  
  143  8:47  Roach  
  145  8:49  Hatchery  
  144  8:58  Hydralisk  
  144  8:59  Hydralisk x3  
  152  9:06  Spore Crawler  
  150  9:28  Hydralisk  
Show
View Real Time Build Order
Export as new Build Order

TheZergLord Zerg - Winner!

Build Orders: Hatch First 

Get SALT Encoding   

  12  0:01  Drone  
  13  0:13  Overlord  
  13  0:17  Drone  
  14  0:32  Drone x2  
  14  0:35  Drone  
  17  0:53  Hatchery  
  17  0:56  Drone  
  17  1:09  Spawning Pool  
  16  1:11  Extractor  
  16  1:14  Drone  
  16  1:18  Drone  
  17  1:21  Drone  
  18  1:29  Drone  
  19  1:40  Overlord  
  19  1:56  Queen, Zergling x2  
  22  2:01  Zergling x2  
  22  2:05  Queen  
  22  2:06  Drone  
  26  2:11  Drone  
  26  2:13  Metabolic Boost  
  27  2:19  Drone  
  28  2:23  Drone  
  28  2:26  Drone  
  30  2:34  Drone  
  31  2:40  Drone  
  32  2:46  Overlord  
  32  2:50  Drone  
  33  2:55  Drone  
  34  3:01  Roach Warren  
  34  3:02  Drone  
  34  3:16  Lair  
  35  3:20  Drone x7  
  35  3:24  Extractor  
  35  3:25  Extractor  
  40  3:27  Overlord  
  40  3:28  Extractor  
  40  3:29  Drone  
  40  3:33  Drone  
  41  3:36  Drone x2  
  41  3:37  Drone  
  44  3:44  Overlord  
  44  3:49  Drone x4  
  44  3:51  Drone  
  49  3:59  Overlord  
  49  4:04  Drone  
  49  4:08  Drone x2  
  49  4:09  Drone  
  53  4:13  Hatchery  
  53  4:15  Spire  
  53  4:16  Drone  
  52  4:28  Overseer  
  52  4:34  Zergling x12  
  58  4:41  Overlord  
  58  4:50  Drone  
  58  4:51  Drone, Spine Crawler  
  58  4:52  Spine Crawler  
  58  5:05  Overlord x2  
  58  5:20  Extractor  
  57  5:21  Drone x3  
  57  5:22  Drone x3, Extractor  
  57  5:26  Queen  
  57  5:28  Mutalisk x6  
  66  5:30  Mutalisk  
  66  5:35  Mutalisk  
  80  5:43  Evolution Chamber x2  
  80  5:45  Drone  
  80  5:46  Infestation Pit  
  78  5:51  Drone  
  78  5:52  Drone  
  78  5:53  Mutalisk  
  82  5:57  Zerg Flyer Weapons Level 1  
  82  6:01  Mutalisk  
  84  6:13  Mutalisk x2  
  84  6:14  Mutalisk  
  90  6:25  Hive  
  90  6:26  Drone x3  
  90  6:27  Drone x2  
  95  6:35  Overlord x2  
  95  6:39  Drone  
  96  6:40  Zerg Ground Armor Level 1  
  96  6:53  Zerg Melee Weapons Level 1  
  96  7:06  Drone x7  
  96  7:07  Drone x3  
  106  7:15  Hatchery  
  105  7:34  Zergling x18  
  114  7:37  Adrenal Glands  
  114  7:38  Ultralisk Cavern  
  114  7:39  Overlord x4  
  113  7:55  Zergling x2  
  113  7:57  Overlord x4  
  114  8:13  Overlord  
  114  8:20  Extractor  
  114  8:25  Extractor  
  110  8:27  Chitinous Plating  
  110  8:29  Ultralisk x4  
  134  8:37  Ultralisk  
  148  9:12  Ultralisk  
  147  9:23  Zergling x2  
Tags
 
Add a new tag
Caveats
  • Supply blocks, unpowered buildings, or Contaminate may cause inaccurate times.
  • Supply counts are checked every 10 seconds.